 Dungeon Crawl Stone Soup version 0.29.0-4-gdea44cf6ec (webtiles) character file.

Game seed: 13746835214921350719

32 qw the Vexing (level 3, -1/35 HPs)
             Began as an Ogre Enchanter on Sept 3, 2022.
             Succumbed to an adder's poison
             ... on level 2 of the Dungeon.
             The game lasted 00:00:47 (2289 turns).

qw the Vexing (Ogre Enchanter)                      Turns: 2289, Time: 00:00:48

Health: -1/35      AC:  3    Str: 14    XL:     3   Next: 27%
Magic:  6/6        EV:  9    Int: 16    God:
Gold:   44         SH:  0    Dex:  9    Spells: 6/6 levels left

rFire   . . .      SeeInvis .   Y - +0 whip
rCold   . . .      Faith    .   (no shield)
rNeg    + . .      Spirit   .   b - +0 robe
rPois   .          Reflect  .   (helmet restricted)
rElec   .          Harm     .   (no cloak)
rCorr   .          Rampage  .   (gloves unavailable)
Will    .....                   (boots unavailable)
Stlth   ++........              (no amulet)
HPRegen 0.11/turn               a - ring of positive energy
MPRegen 0.10/turn               (no ring)

@: lethally poisoned (-1 -> -12)
A: large, unfitting armour, tough skin 1
a: no special abilities


You were on level 2 of the Dungeon.
You visited 1 branch of the dungeon, and saw 2 of its levels.

You collected 44 gold pieces.


Innate Abilities, Weirdness & Mutations

You are too large for most types of armour.
You have tough skin. (AC +1)


   Skills:
 - Level 2.1 Fighting
 - Level 0.8 Short Blades
 + Level 2.2 Axes
 - Level 1.7 Dodging
 - Level 2.1 Stealth
 - Level 2.4 Spellcasting
 - Level 2.6 Hexes


You had 6 spell levels left.
You didn't know any spells.
Your spell library contained the following spells:

 Spells                   Type           Power      Damage    Failure   Level
 Ensorcelled Hibernation  Hex/Ice        12%        N/A       17%         2
 Confusing Touch          Hex            10%        N/A       21%         3
 Tukima's Dance           Hex            10%        N/A       21%         3
 Dazzling Flash           Conj/Hex       12%        N/A       34%         3

Inventory:

Hand Weapons
 Y - a +0 whip (weapon)
Armour
 b - a +0 robe (worn)
Jewellery
 a - a ring of positive energy (left hand)
Scrolls
 c - a scroll of teleportation {unknown}
Potions
 d - a potion of ambrosia {unknown}
 e - a potion of mutation {unknown}
 j - a potion of curing {unknown}

Dungeon Overview and Level Annotations

Branches:
Dungeon (2/15)

Altars:


Message History

You closely miss the adder.
The adder is moderately wounded.
You feel sick. The adder closely misses you.
You closely miss the adder.
The adder is moderately wounded.
You feel sick.
You are no longer poisoned.
The adder bites you.
You miss the adder.
The adder is moderately wounded.
The adder barely misses you. The adder bites you.
You hit the adder but do no damage.
The adder is moderately wounded.
The adder closely misses you.
You hit the adder.
The adder is severely wounded.
The adder bites you.
You are poisoned.
The adder poisons you!
You closely miss the adder.
The adder is severely wounded.
You feel sick. The adder barely misses you. The adder bites you.
You hit the adder.
The adder is almost dead.
You feel sick. The adder bites you.
You are lethally poisoned!
The adder poisons you!
You barely miss the adder.
The adder is almost dead.
You feel very sick. The adder bites you.
You are more poisoned.
The adder poisons you! The adder barely misses you.
You hit the adder but do no damage.
The adder is almost dead.
You feel very sick. The adder bites you but does no damage.
You miss the adder. Your punch misses the adder.
The adder is almost dead.
You die...

###.#.####
#..###...# #.#
###.#.##.# #<#
#..#.###.# #[#
#.%..# #.# #.#
%..### #.# #.#
#### #<# ##.## #
####.#####...##
#
#......%....@(#
#
#..#######..S.#
#####..#....
##>#.#
.......#....
#.#.#
####.........
..#.# .#
#..........###.#
#.##......(...
.# #.#....#####
.# ##...#.#


You could see an adder.

Vanquished Creatures
  A dart slug (D:1)
  4 endoplasms
  2 giant cockroaches
  2 goblins (D:1)
  3 hobgoblins
  4 jackals (D:2)
  2 kobolds (D:1)
  A quokka (D:1)
  4 ball pythons
  A bat (D:2)
  A rat (D:1)
25 creatures vanquished.

Notes
Turn   | Place    | Note
-------+----------+-------------------------------------------
     0 | D:1      | qw the Ogre Enchanter began the quest for the Orb.
     0 | D:1      | Reached XP level 1. HP: 16/16 MP: 3/3
     0 | D:1      | 0 ||| qw: Version: 0.1-a-102-g441f92d
     0 | D:1      | 0 ||| qw: Game counter: 5067
     0 | D:1      | 0 ||| qw: Always use a shield: true
     0 | D:1      | 0 ||| qw: God list: Okawaru
     0 | D:1      | 0 ||| qw: Allow faded altars: false
     0 | D:1      | 0 ||| qw: Do Orc after D:15 true
     0 | D:1      | 0 ||| qw: Do second Lair branch before Depths: true
     0 | D:1      | 0 ||| qw: Lair rune preference: random
     0 | D:1      | 0 ||| qw: Plans: Normal
     0 | D:1      | 0 ||| PLANNING D:1-11
   385 | D:1      | Reached skill level 1 in Axes
   386 | D:1      | 386 ||| Stepping ~*~*~tactically~*~*~ (hiding).
   488 | D:1      | 488 ||| Stepping ~*~*~tactically~*~*~ (hiding).
   590 | D:1      | 590 ||| Stepping ~*~*~tactically~*~*~ (hiding).
   692 | D:1      | 692 ||| Stepping ~*~*~tactically~*~*~ (hiding).
   794 | D:1      | 794 ||| Stepping ~*~*~tactically~*~*~ (hiding).
   896 | D:1      | 896 ||| Stepping ~*~*~tactically~*~*~ (hiding).
   911 | D:1      | Reached skill level 1 in Fighting
  1019 | D:1      | Reached XP level 2. HP: 27/27 MP: 5/5
  1097 | D:1      | 1097 ||| SWAPPING to +0 whip.
  1098 | D:1      | 1098 ||| DROPPING +1 dagger.
  1119 | D:1      | 1119 ||| Stepping ~*~*~tactically~*~*~ (stealth).
  1229 | D:1      | 1229 ||| Stepping ~*~*~tactically~*~*~ (stealth).
  1231 | D:1      | 1231 ||| Stepping ~*~*~tactically~*~*~ (stealth).
  1232 | D:1      | 1232 ||| Stepping ~*~*~tactically~*~*~ (stealth).
  1403 | D:1      | Found a faded altar of an unknown god.
  1672 | D:1      | 1672 ||| UPGRADING to ring of positive energy.
  1673 | D:1      | 1673 ||| READING scroll labelled ACOT HOYLAOCK.
  1790 | D:1      | 1790 ||| READING scroll labelled BAOTWO NANNAN.
  1791 | D:1      | 1791 ||| DRINKING 2 clear potions.
  1792 | D:1      | 1792 ||| DROPPING 2 potions of invisibility.
  1793 | D:1      | 1793 ||| DROPPING potion of flight.
  1794 | D:1      | 1794 ||| Stepping randomly (stuck).
  1795 | D:1      | 1795 ||| Stepping ~*~*~tactically~*~*~ (cloud).
  1802 | D:1      | HP: 6/27 [poisoned by you (poison gas)]
  2112 | D:2      | Reached XP level 3. HP: 35/35 MP: 6/6
  2286 | D:2      | HP: 8/35 [poisoned by an adder]
  2287 | D:2      | HP: 3/35 [adder (1)]
  2288 | D:2      | HP: 1/35 [poisoned by an adder]
  2289 | D:2      | Succumbed to an adder's poison

Levels and vault maps discovered:
D:1:      minmay_arrival_shattered_statue, layout_loops_corners,
          ebering_ecumenical_altar_mist
D:2:      layout_loops_ring, uniq_sigmund, uniq_crazy_yiuf_cottage, uniq_robin

Skill      XL: |  1  2  3 |
---------------+----------+-----
Axes           | 1 2 |  2.2
Fighting       | 1 2 |  2.1
Short Blades   | |  0.8
Dodging        | |  1.7
Stealth        | |  2.1
Spellcasting   | |  2.4
Hexes          | |  2.6

Action                   || total
-------------------------++-------
Melee: Dagger            ||    19
       Punch             ||     1
       Whip              ||    66
Throw: Javelin           ||    15
  Use: Scroll            ||     2
       Potion            ||     1
Armor: Robe              ||    29
Dodge: Dodged            ||    38

Table legend:
 A = Non-vault XP
 B = Vault XP
 C = Vault XP percentage of total XP
 D = Non-vault monster count
 E = Vault monster count
 F = Vault count percentage of total count
                 A         B        C        D         E       F
            +---------+---------+-------+---------+---------+-------
      Total |      47 |       0 |   0.0 |      25 |       0 |   0.0
            +---------+---------+-------+---------+---------+-------
        D:1 |      30 |       0 |   0.0 |      16 |       0 |   0.0
        D:2 |      17 |       0 |   0.0 |       9 |       0 |   0.0
            +---------+---------+-------+---------+---------+-------
